AoeStats
← jodays555

Arabia

507064484Analyzed
1v1 RM · 17d ago on Sep 16, 2026· 26m 42s· 2 players
Game mode
Random Map
Map size
Tiny (2 player)
Population
200
Speed
Normal
Resources
Standard
Victory
Conquest
Starting age
Dark Age
Ending age
Imperial Age
RankedLock teamsTeams togetherTeam positionsShared explorationLock speedFull tech treeHidden civsTurbo modeCheats
Victory
Defeat
🇺🇸 Magyars · United States
1017
+14
🇨🇳 Cumans · China
978
-14
jodays555
3:09 Loom
8:36 Loom
10:40 Feudal Age
15:35 Double-Bit Axe
15:32 Horse Collar
23:40 Man-at-Arms
26:39 Bloodlines
29:20 Castle Age
不要打我哦
5:10 Loom
10:32 Feudal Age
12:39 Double-Bit Axe
Connection lost

Rejoining the realm…

Still unreachable

The connection could not be restored.

Session expired

The server has moved on; the page needs a fresh start.